 Dungeon Crawl Stone Soup version 0.31-a0-229-g1fc7ce93e2 (webtiles) character file.

Game seed: 11183213954655979080

39 qw the Shooter (level 3, -6/29 HPs)
             Began as a Minotaur Hexslinger on July 6, 2023.
             Mangled by a gnoll
             ... wielding a +0 spear
              (8 damage)
             ... on level 2 of the Dungeon.
             The game lasted 00:00:16 (1291 turns).

qw the Shooter (Minotaur Hexslinger)                Turns: 1291, Time: 00:00:16

Health: -6/29      AC:  2    Str: 12    XL:     3   Next: 26%
Magic:  3/3        EV: 12    Int: 10    God:
Gold:   84         SH:  0    Dex: 14    Spells: 3/4 levels left

rFire   . . .        a - +1 sling
rCold   . . .        (no shield)
rNeg    . . .        c - +0 robe
rPois   .            (helmet restricted)
rElec   .            (no cloak)
rCorr   .            (no gloves)
SInv    .            (no boots)
Will    .....        (no amulet)
Stlth   +            (no ring)
HPRegen 0.24/turn    (no ring)
MPRegen 0.08/turn

%: no passive effects
@: no status effects
A: horns 2, retaliatory headbutt
a: no special abilities


You were on level 2 of the Dungeon.
You visited 1 branch of the dungeon, and saw 2 of its levels.

You collected 84 gold pieces.


Innate Abilities, Weirdness & Mutations

You have a pair of horns on your head.
You reflexively headbutt those who attack you in melee.


   Skills:
 - Level 2.0 Fighting
 + Level 3.9 Ranged Weapons
 - Level 2.1 Dodging
 - Level 1.0 Spellcasting
 - Level 2.0 Hexes


You had 3 spell levels left.
You knew the following spells:

 Your Spells              Type           Power      Damage    Failure   Level
a - Slow                  Hex            16%        N/A       16%         1

Your spell library contained the following spells:

 Spells                   Type           Power      Damage    Failure   Level
 Inner Flame              Hex/Fire       2%         N/A       56%         3
 Portal Projectile        Hex/Tloc       4%         N/A       56%         3
 Cause Fear               Hex            2%         N/A       83%         4

Inventory:

Hand Weapons
 a - a +1 sling (weapon)
Armour
 b - a +0 cloak
 c - a +0 robe (worn)
Potions
 d - a potion of magic {unknown}
 e - a potion of brilliance {unknown}
 f - 2 potions of invisibility {unknown}
 g - 3 potions of curing

Dungeon Overview and Level Annotations

Branches:
Dungeon (2/15)

Altars:


Message History

Found a murky blue potion.
The adder hisses angrily.
Enter note:
Enter note: You shoot a sling bullet.
The sling bullet barely misses the ball python.
The gnoll shouts!
A rat comes into view.
The ball python misses you. x2
You shoot a sling bullet.
The sling bullet hits the ball python but does no damage.
The ball python closely misses you. The ball python grabs you.
The ball python constricts you.
The ball python bites you but does no damage.
The ball python constricts you.
The gnoll hits you from afar with a +0 spear.
You shoot a sling bullet. The sling bullet hits the ball python.
The ball python is heavily wounded.
The ball python barely misses you. The ball python constricts you.
The gnoll hits you from afar with a +0 spear!
The rat closely misses you.
You shoot a sling bullet. The sling bullet hits the ball python.
You kill the ball python!
The adder bites you but does no damage. The rat bites you but does no damage.
The gnoll hits you from afar with a +0 spear!
The adder bites you.
You shoot a sling bullet. The sling bullet misses the adder.
The adder misses you. The gnoll closely misses you. The rat closely misses you.
You shoot a sling bullet. The sling bullet hits the adder.
The adder is heavily wounded.
The adder bites you. The rat bites you but does no damage.
The gnoll barely misses you. The adder completely misses you.
You shoot a sling bullet. The sling bullet hits the adder.
You kill the adder!
The rat closely misses you.
The gnoll hits you from afar with a +0 spear.
The rat misses you. You furiously retaliate!
You headbutt the rat.
You kill the rat!
The gnoll hits you from afar with a +0 spear!
You die...

#############
#...........######
#@#########.......
#.....%.%g#
#..#####
#....#..##..#
#.....## #... ..#.
#!# #..##.## #..
..# # ####..##.##
#. #.. ..........
# ... #######.##
...# ##### ##.#
#...# #..#


You could see a gnoll.

Vanquished Creatures
  2 adders (D:2)
  5 ball pythons
  4 endoplasms
  A giant cockroach (D:1)
  3 goblins
  4 hobgoblins
  3 jackals (D:2)
  A kobold (D:1)
  A quokka (D:1)
  A bat (D:1)
  2 rats
27 creatures vanquished.

Notes
Turn   | Place    | Note
-------+----------+-------------------------------------------
     0 | D:1      | qw the Minotaur Hexslinger began the quest for the Orb.
     0 | D:1      | Reached XP level 1. HP: 16/16 MP: 1/1
     0 | D:1      | 0 ||| qw: Version: 0.3-a-46-gb1f654a
     0 | D:1      | 0 ||| qw: Game counter: 1153
     0 | D:1      | 0 ||| qw: Melee chars always use a shield: true
     0 | D:1      | 0 ||| qw: God list: Okawaru
     0 | D:1      | 0 ||| qw: Allow faded altars: false
     0 | D:1      | 0 ||| qw: Do Orc after clearing Dungeon:15 true
     0 | D:1      | 0 ||| qw: Do second Lair branch before Depths: true
     0 | D:1      | 0 ||| qw: Lair rune preference: random
     0 | D:1      | 0 ||| qw: Goals: Normal
     0 | D:1      | 0 ||| PLANNING D:1-11
   168 | D:1      | Reached skill level 3 in Ranged Weapons
   168 | D:1      | Reached XP level 2. HP: 23/23 MP: 2/2
  1040 | D:1      | 1040 ||| DRINKING 2 yellow potions.
  1041 | D:1      | 1041 ||| DROPPING scroll of poison.
  1084 | D:2      | Reached XP level 3. HP: 29/29 MP: 3/3
  1288 | D:2      | HP: 7/29 [adder (1)]
  1291 | D:2      | HP: 2/29 [gnoll/+0 spear (5)]
  1291 | D:2      | Mangled by a gnoll

Levels and vault maps discovered:
D:1:      dpeg_chamrin_arrival_tetris, layout_basic
D:2:      minmay_recursive_quarters, layout_loops_cross,
          minmay_increasing_density

Skill      XL: |  1  2 |
---------------+-------+-----
Ranged Weapons | 3 |  3.9
Fighting       | 2 |  2.0
Dodging        | |  2.1
Spellcasting   | |  1.0
Hexes          | |  2.0

Action                     || total
---------------------------++-------
   Fire: Sling             ||    65
    Use: Potion            ||     1
 Armour: Robe              ||     6
  Dodge: Dodged            ||    24

Table legend:
 A = Non-vault XP
 B = Vault XP
 C = Vault XP percentage of total XP
 D = Non-vault monster count
 E = Vault monster count
 F = Vault count percentage of total count
                 A         B        C        D         E       F
            +---------+---------+-------+---------+---------+-------
      Total |      67 |       3 |   4.3 |      25 |       2 |   7.4
            +---------+---------+-------+---------+---------+-------
        D:1 |      27 |       0 |   0.0 |      16 |       0 |   0.0
        D:2 |      40 |       3 |   7.0 |       9 |       2 |  18.2
            +---------+---------+-------+---------+---------+-------
